 Dungeon Crawl Stone Soup version 0.26.0-10-g1f06aea511 (webtiles) character file.

Game seed: 12961327005464630583

346 jackrogers the Chopper (level 6, 0/37 HPs)
             Began as a Tengu Wanderer on Jan 13, 2021.
             Killed from afar by a white imp (8 damage)
             ... with a puff of frost
             ... on level 5 of the Dungeon.
             The game lasted 00:06:59 (4656 turns).

jackrogers the Chopper (Tengu Wanderer)             Turns: 4656, Time: 00:06:59

Health: 0/37       AC:  5    Str: 16    XL:     6   Next: 59%
Magic:  7/7        EV: 10    Int: 13    God:
Gold:   256        SH:  0    Dex: 11    Spells: 5/5 levels left

rFire    . . .     SeeInvis .   g - +2 spear (venom)
rCold    . . .     Faith    .   (no shield)
rNeg     . . .     Spirit   .   k - +0 ring mail
rPois    .         Reflect  .   (helmet restricted)
rElec    .         Harm     .   (no cloak)
rCorr    .         Rampage  .   (no gloves)
Will     .....                  (boots unavailable)
Stlth    ..........             t - amulet of inaccuracy (curse)
HPRegen  0.12/turn              f - ring of wizardry {Wiz+, !d}
MPRegen  0.10/turn              u - ring of attention (curse)

@: no status effects
A: beak, talons 3, able to fly
a: Fly


You were on level 5 of the Dungeon.
You visited 1 branch of the dungeon, and saw 5 of its levels.

You collected 256 gold pieces.

Inventory:

Hand Weapons
 a - a +0 hand axe
 c - a +0 shortbow
 g - a +2 spear of venom (weapon)
   (You found it on level 1 of the Dungeon)
Missiles
 d - 46 arrows
 l - 2 poisoned darts
 s - 3 javelins (quivered)
Armour
 e - a +0 robe
 i - a +0 plate armour
   (You found it on level 3 of the Dungeon)
 k - a +0 ring mail (worn)
   (You found it on level 3 of the Dungeon)
 n - a +0 buckler
   (You found it on level 4 of the Dungeon)
Jewellery
 f - a ring of wizardry (left hand) {Wiz+, !d}
   (You found it on level 1 of the Dungeon)
 t - a cursed amulet of inaccuracy (around neck)
   (You found it on level 2 of the Dungeon)
 u - a cursed ring of attention (right hand)
   (You found it on level 2 of the Dungeon)
Wands
 b - a wand of enslavement (15)
 q - a wand of disintegration (7)
   (You found it on level 2 of the Dungeon)
Scrolls
 p - 2 scrolls of teleportation
 v - a scroll of amnesia
 w - a scroll of identify
Potions
 h - a potion of cancellation
 j - a potion of flight
 m - a potion of heal wounds
 o - a potion of mutation {!q}
 r - 2 potions of degeneration {!q}
 z - a potion of curing {unknown}


   Skills:
 - Level 3.0 Fighting
 + Level 6.3 Axes
 - Level 2.1 Bows
 - Level 2.1 Armour
 - Level 1.0 Stealth
 + Level 2.7 Shields
 - Level 1.0 Evocations


You had 5 spell levels left.
You didn't know any spells.
Your spell library was empty.

Dungeon Overview and Level Annotations

Branches:
Dungeon (5/15)
 Temple: D:4-7

Altars:
Ashenzari
Nemelex Xobeh
Yredelemnul

Annotations:
D:1 1 runed translucent door
D:3 Sigmund


Innate Abilities, Weirdness & Mutations

You have a beak for a mouth.
You have claws for feet.
You can fly continuously.


Message History

The shadow imp gestures at you. Pain shoots through your body!
Spoiler Alert: The shadow imp can cast Pain and Animate Dead!
You barely miss the shadow imp.
The shadow imp hits you but does no damage.
You hit the shadow imp but do no damage.
The shadow imp is poisoned.
Your peck misses the shadow imp.
Spoiler Alert: The shadow imp (very poisoned) can cast Pain and Animate Dead!
Unknown command.
Spoiler Alert: The shadow imp (very poisoned) can cast Pain and Animate Dead!
Okay, then.
Spoiler Alert: The shadow imp (very poisoned) can cast Pain and Animate Dead!
You barely miss the shadow imp.
You claw the shadow imp, but do no damage.
The shadow imp gestures at you. Pain shoots through your body!
Spoiler Alert: The shadow imp (very poisoned) can cast Pain and Animate Dead!
You barely miss the shadow imp.
You peck the shadow imp, but do no damage.
The shadow imp hits you.
Spoiler Alert: The shadow imp (very poisoned) can cast Pain and Animate Dead!
You hit the shadow imp.
The shadow imp looks as sick as possible!
Your peck misses the shadow imp. The shadow imp hits you.
* * * LOW HITPOINT WARNING * * *
Spoiler Alert: The shadow imp (extremely poisoned) can cast Pain and Animate Dead!
Unknown command.
Spoiler Alert: The shadow imp (extremely poisoned) can cast Pain and Animate Dead!
You hit the shadow imp.
You kill the shadow imp!
Your Axes skill increases to level 6!
You start resting.
You climb downwards.
You hear the hiss of flowing sand.
There is an entrance to an ossuary on this level.
Hurry and find it before the portal is buried!
The hiss of flowing sand is almost imperceptible now.
The scorpion stings you but does no damage.
There is a stone staircase leading up here.
You miss the scorpion. The scorpion stings you!
You are poisoned.
The scorpion poisons you!
You hit the scorpion.
The scorpion is poisoned.
You claw the scorpion, but do no damage.
You peck the scorpion.
You feel sick. The scorpion closely misses you.
You hit the scorpion.
The scorpion looks as sick as possible!
Your kick misses the scorpion.
The walls and floor vibrate strangely for a moment.
You feel sick. The scorpion closely misses you.
You closely miss the scorpion. Your peck misses the scorpion.
You feel sick.
You kill the scorpion!
You start resting.
You feel sick. x11
You are no longer poisoned.
You start resting.
A centaur zombie comes into view.
The centaur zombie hits you but does no damage.
The centaur zombie closely misses you.
You hit the centaur zombie. The centaur zombie barely misses you.
You hit the centaur zombie. You claw the centaur zombie! You hit the adder.
The adder is poisoned.
You peck the adder. The adder barely misses you.
The adder skeleton bites the withered plant.
The withered plant begins to crumble.
You hit the centaur zombie. You claw the centaur zombie!
You peck the centaur zombie, but do no damage.
The centaur zombie hits you. The adder barely misses you.
The adder skeleton bites the withered plant.
The withered plant begins to crumble.
The centaur zombie hits you but does no damage.
You are too injured to fight recklessly!
You are too injured to fight recklessly!
You are too injured to fight recklessly!
Unknown command.
You closely miss the adder. Your kick misses the adder.
The adder closely misses you. The centaur zombie hits you.
The adder bites you but does no damage.
You hit the adder.
The adder looks as sick as possible!
Your peck misses the adder. The centaur zombie barely misses you.
The adder bites you but does no damage.
Spoiler Alert: The white imp (wandering) can cast Throw Frost!
The white imp shouts, "Give in, thou villainous beak-witted deadneck!"
You hit the adder.
The adder looks as sick as possible!
Your kick misses the adder.
You kill the adder!
The centaur zombie hits you but does no damage.
Spoiler Alert: The white imp can cast Throw Frost!
You closely miss the centaur zombie. Your kick misses the centaur zombie.
The withered plant crumbles away.
The centaur zombie hits you but does no damage.
You hit the centaur zombie. Your kick misses the centaur zombie.
The centaur zombie hits you. x2
You barely miss the centaur zombie. You claw the centaur zombie.
You destroy the centaur zombie!
The withered plant crumbles away.
The white imp gestures at you. The puff of frost hits you.
* * * LOW HITPOINT WARNING * * *
Spoiler Alert: The white imp can cast Throw Frost!
The white imp gestures at you. The puff of frost hits you!
You die...

#############
#####
#./..........
#....
#............
#....
#............
#....
#.<@.........
#....
#............
#.[..
#............
#....
##...##.5....
#.:.. #####


PPZ... +...Z .P... #..§§ ZP... #§§§§ .... #.P§. .... #§§§P You could see a white
imp and an adder skeleton.

Vanquished Creatures
  A scorpion (D:5)
  A centaur zombie (D:5)
  A hound (D:4)
  A bullfrog skeleton (D:4)
  2 worker ants (D:4)
  Robin (D:2)
  3 adders
  A shadow imp (D:4)
  An ooze (D:3)
  2 worms
  4 dart slugs
  3 leopard geckos
  8 orcs
  5 giant cockroaches
  19 goblins
  8 hobgoblins
  4 jackals (D:2)
  A quokka (D:2)
  A ball python (D:1)
  6 bats
  5 frilled lizards
  4 kobolds (D:1)
  7 rats
89 creatures vanquished.

Vanquished Creatures (others)
  5 withered plants (D:5)
5 creatures vanquished.

Grand Total: 94 creatures vanquished

Notes
Turn   | Place    | Note
-------+----------+-------------------------------------------
     0 | D:1      | jackrogers the Tengu Wanderer began the quest for the Orb.
     0 | D:1      | jackrogers set off with the following items: a +0 hand axe,
                  | a wand of enslavement (15), a +0 shortbow, 25 arrows, a +0
                  | robe
     0 | D:1      | Reached XP level 1. HP: 14/14 MP: 2/2
     1 | D:1      | Found a runed translucent door.
   113 | D:1      | Reached skill level 2 in Axes
   118 | D:1      | Reached XP level 2. HP: 13/19 MP: 3/3
   554 | D:1      | Reached skill level 3 in Axes
   663 | D:1      | Reached XP level 3. HP: 23/23 MP: 4/4
  1418 | D:2      | Noticed Robin
  1421 | D:2      | Reached skill level 4 in Axes
  1432 | D:2      | Reached XP level 4. HP: 18/28 MP: 5/5
  1437 | D:2      | HP: 6/28 [Robin/+0 spear (3)]
  1438 | D:2      | Killed Robin
  1727 | D:2      | Found a broken altar of Ashenzari.
  2632 | D:3      | Noticed Sigmund
  2790 | D:3      | Reached skill level 5 in Axes
  2883 | D:3      | Gained mutation: You can fly continuously. [Tengu growth]
  2883 | D:3      | Reached XP level 5. HP: 32/32 MP: 6/6
  3075 | D:3      | Found a sparkling altar of Nemelex Xobeh.
  3149 | D:3      | Found a basalt altar of Yredelemnul.
  3470 | D:4      | Reached skill level 1 in Shields
  3881 | D:5      | Entered Level 5 of the Dungeon
  3919 | D:5      | Noticed a +0 dagger
  3919 | D:5      | Noticed a +0 hand axe
  3924 | D:5      | HP: 8/32 [worker ant zombie (4)]
  4173 | D:4      | Reached skill level 2 in Shields
  4173 | D:4      | Reached XP level 6. HP: 25/37 MP: 7/7
  4315 | D:4      | HP: 8/37 [shadow imp (5)]
  4317 | D:4      | Reached skill level 6 in Axes
  4654 | D:5      | HP: 8/37 [white imp/puff of frost (6)]
  4656 | D:5      | Killed from afar by a white imp

Illustrated notes

Levels and vault maps discovered:
D:1:      dpeg_arrival_caged_fury, layout_loops_ring
D:2:      layout_loops_ring, nicolae_overflow_crystal_walls, uniq_robin
D:3:      layout_loops_cross, nemelex_xobeh_ov_fountains_minmay,
          yredelemnul_altar_generic, uniq_sigmund
D:4:      layout_loops_ring
D:5:      layout_gridville, dancing_weapons_uskayaw,
          grunt_temple_overflow_cloverleaf, kennysheep_little_box,
          enter_ossuary_4, serial_undead, serial_undead_e, serial_undead_a,
          serial_undead_c, serial_undead_b, serial_undead_b, serial_undead_d,
          serial_undead_b, serial_undead_d, serial_undead_f, serial_undead_d

Skill      XL: |  1  2  3  4  5  6 |
---------------+-------------------+-----
Axes           | 2 3 4 5 6 |  6.3
Shields        | 2 |  2.7
Fighting       | |  3.0
Bows           | |  2.1
Armour         | |  2.1
Stealth        | |  1.0
Evocations     | |  1.0

Action                   |  1- 3 |  4- 6 || total
-------------------------+-------+-------++-------
Melee: Hand axe          |    14 |       ||    14
       Kick              |    11 |    19 ||    30
       Peck              |     8 |    15 ||    23
       Spear             |    74 |   137 ||   211
Throw: Javelin           |       |    20 ||    20
  Use: Scroll            |       |    11 ||    11
 Stab: Sleeping          |     8 |     1 ||     9
Armor: Robe              |     6 |    12 ||    18
       Ring mail         |       |    22 ||    22
Dodge: Dodged            |    32 |    64 ||    96

Table legend: (Time is in decaauts)
 A = Elapsed time spent in this place.
 B = Non-inter-level travel time spent in this place.
 C = Inter-level travel time spent in this place.
 D = Time resting spent in this place.
 E = Time spent auto-exploring this place.
 F = Levels seen in this place.
 G = Mean time per level.
                   A        B        C        D        E       F      G
               +--------+--------+--------+--------+--------+-----+--------+
         Total |   4673 |   4335 |    338 |   1633 |   2017 |   5 |  934.6 |
       Dungeon |   4673 |   4335 |    338 |   1633 |   2017 |   5 |  934.6 |
               +--------+--------+--------+--------+--------+-----+--------+

Top non-repeatable levels by time:
     D:1: 1471 daAuts
     D:2: 1261 daAuts
     D:4: 1190 daAuts
     D:3: 630 daAuts
     D:5: 119 daAuts

Table legend:
 A = Kills in this place as a percentage of kills in entire the game.
 B = Kills by you in this place as a percentage of kills by you in the entire game.
 C = Kills by friends in this place as a percentage of kills by friends in the entire game.
 D = Other kills in this place as a percentage of other kills in the entire game.
 E = Experience gained in this place as a percentage of experience gained in the entire game.
 F = Experience gained in this place divided by the number of levels of this place that you have seen.
                   A       B       C       D       E      F
               +-------+-------+-------+-------+-------+----------------------
         Total | 100.0 | 100.0 |   N/A |   N/A | 100.0 |  99.0
       Dungeon | 100.0 | 100.0 |   N/A |   N/A | 100.0 |  99.0
               +-------+-------+-------+-------+-------+----------------------
